 Dungeon Crawl Stone Soup version 0.22.0 (webtiles) character file.

261 askrwodan the Shield-Bearer (level 6, 0/53 HPs)
             Began as a Hill Orc Fighter on Aug 12, 2018.
             Was an Initiate of Trog.
             Killed from afar by an orc wizard (1 damage)
             ... with a magic dart
             ... on level 5 of the Dungeon.
             The game lasted 00:20:56 (4104 turns).

askrwodan the Shield-Bearer (Hill Orc Fighter)      Turns: 4104, Time: 00:20:56

Health: 0/53       AC: 12    Str: 24    XL:     6   Next: 18%
Magic:  6/6        EV: 21    Int:  8    God:    Trog [......]
Gold:   264        SH: 10    Dex: 10    Spells: 5/5 levels left

rFire    . . .     SeeInvis .   u - +1 falchion
rCold    . . .     Gourm    .   c - +0 shield
rNeg     . . .     Faith    .   i - +0 chain mail
rPois    .         Spirit   .   (no helmet)
rElec    .         Reflect  .   (no cloak)
rCorr    .         Harm     .   n - +2 pair of gloves
MR       .....                  (no boots)
Stlth    ..........             r - amulet of the acrobat
HPRegen  0.17/turn              p - ring of stealth
MPRegen  0.10/turn              k - +3 ring of strength

@: lethally poisoned (0 -> -2)
A: no striking features
a: Renounce Religion


You were on level 5 of the Dungeon.
You worshipped Trog.
Trog was noncommittal.
You were not hungry.

You visited 2 branches of the dungeon, and saw 6 of its levels.

You collected 264 gold pieces.

Inventory:

Hand Weapons
 u - a +1 falchion (weapon)
Missiles
 l - 2 tomahawks
 o - 13 poisoned needles (quivered)
Armour
 c - a +0 shield (worn)
 i - a +0 chain mail (worn)
 n - a +2 pair of gloves (worn)
Jewellery
 k - a +3 ring of strength (right hand)
 p - a ring of stealth (left hand)
 r - an amulet of the acrobat (around neck)
Wands
 b - a wand of iceblast (11)
Scrolls
 g - a scroll of fear {unknown}
 j - 2 scrolls of amnesia
 m - 2 scrolls of enchant weapon
 s - a scroll of noise {unknown}
 t - a scroll of teleportation
 w - a scroll of magic mapping {unknown}
Potions
 a - a potion of degeneration {unknown}
 d - a potion of might
 e - 2 potions of mutation {unknown}
 h - 2 potions of lignification {unknown}
 q - a potion of haste {unknown}
 v - a potion of flight {unknown}
 x - a potion of resistance
Comestibles
 f - 6 rations


   Skills:
 + Level 4.3 Fighting
 + Level 4.2 Long Blades
 + Level 4.3 Armour
 + Level 1.1 Dodging
 + Level 4.8 Shields


You had 5 spell levels left.
You didn't know any spells.
Your spell library contained the following spells:

 Spells                   Type           Power        Failure   Level  Hunger
 Confuse                  Hex            #.......     100%        3    ####...
 Confusing Touch          Hex            #.....       100%        1    ##.....
 Metabolic Englaciation   Hex/Ice        #.........   100%        5    ######.
 Petrify                  Tmut/Erth      #.......     100%        4    #####..
 Gell's Gravitas          Tloc           #.........   100%        3    ####...
 Yara's Violent Unravell  Hex/Tmut       #.........   100%        5    ######.


Dungeon Overview and Level Annotations

Branches:
Dungeon (5/15)             Temple (1/1) D:4

Altars:
Ashenzari
Cheibriados
Dithmenos
Elyvilon
Gozag
Hepliaklqana
Nemelex Xobeh
Okawaru
Qazlal
Trog
Uskayaw
Vehumet
Wu Jian
Yredelemnul
Zin
The Shining One


Message History

* * * LOW HITPOINT WARNING * * *
You feel sick. You block the orc wizard's attack.
The orc wizard casts a spell at you. The magic dart hits you!
The orc wizard hits you but does no damage.
You block the worker ant zombie's attack.
* * * LOW HITPOINT WARNING * * *
You feel sick. The orc wizard completely misses you.
You riposte.
You closely miss the orc wizard.
The orc wizard is heavily wounded.
The worker ant zombie closely misses you.
The orc wizard completely misses you. The orc wizard barely misses you.
You riposte.
You hit the orc wizard.
The orc wizard is almost dead.
The worker ant zombie bites you but does no damage.
* * * LOW HITPOINT WARNING * * *
You feel sick. The orc wizard casts a spell at you. The magic dart hits you!
You die...

.###############.
.......©..# ####Z
####......# #....
#.....####.###
##.........# #
##.#######.# ####.
...#.......###
.....{#####..#.#........
#.oo@Z......#.###.###
########..### #.# #..#
#.# #..###.# #.#
#......# #.# ##.#####
#.# #.#######.#
#.(.......# ###########


You could see an orc wizard, an orc and a worker ant zombie.

Vanquished Creatures
  An iguana (D:2)
  2 worker ants (D:4)
  7 adders
  An adder skeleton (D:4)
  A worm (D:2)
  4 dart slugs
  2 leopard geckos
  15 orcs
  3 ball pythons (D:3)
  3 giant cockroaches
  7 hobgoblins
  12 jackals
  2 quokkas
  10 bats
  6 frilled lizards
  8 goblins
  7 kobolds
  A quokka skeleton (D:4)
  A quokka zombie (D:3)
  4 rats
97 creatures vanquished.

Notes
Turn   | Place    | Note
-------+----------+-------------------------------------------
     0 | D:1      | askrwodan the Hill Orc Fighter began the quest for the Orb.
     0 | D:1      | Reached XP level 1. HP: 19/19 MP: 1/1
   166 | D:1      | Reached XP level 2. HP: 20/27 MP: 2/2
   591 | D:1      | Reached XP level 3. HP: 28/33 MP: 3/3
  1326 | D:2      | Reached XP level 4. HP: 37/40 MP: 4/4
  1900 | D:2      | Reached XP level 5. HP: 46/46 MP: 5/5
  1932 | D:2      | Reached skill level 1 in Dodging
  2217 | D:3      | Found a white marble altar of Elyvilon.
  3165 | D:4      | Found an opulent altar of Gozag.
  3479 | D:4      | Found a staircase to the Ecumenical Temple.
  3579 | D:4      | Reached XP level 6. HP: 43/53 MP: 6/6
  3582 | Temple   | Entered the Ecumenical Temple
  3669 | Temple   | Became a worshipper of Trog the Wrathful
  3988 | D:4      | You fall through a shaft!
  3988 | D:5      | Entered Level 5 of the Dungeon
  3996 | D:5      | Found a transporter.
  4011 | D:5      | Found a transporter.
  4011 | D:5      | Noticed an ice beast
  4012 | D:5      | Noticed an ice beast
  4012 | D:5      | Noticed an ice beast
  4026 | D:5      | HP: 1/53 [ice beast (9)]
  4100 | D:5      | HP: 2/53 [poisoned by an adder]
  4104 | D:5      | Killed from afar by an orc wizard

Skill      XL: |  1  2  3  4  5 |
---------------+----------------+-----
Fighting       | 4 |  4.3
Long Blades    | 3 4 |  4.2
Shields        | 4 |  4.8
Armour         | 4 |  4.3
Dodging        | 1 |  1.1

Action                   |  1- 3 |  4- 6 || total
-------------------------+-------+-------++-------
Melee: Long sword        |   146 |    93 ||   239
       Falchion          |       |   131 ||   131
  Use: Scroll            |     1 |    10 ||    11
       Potion            |       |     2 ||     2
  Eat: Chunk             |     2 |     2 ||     4
       Ration            |       |     2 ||     2
Armor: Scale mail        |    33 |       ||    33
       Chain mail        |    64 |   164 ||   228
Dodge: Dodged            |    47 |   112 ||   159
Block: Shield            |    90 |   182 ||   272
       Rpst.: Long sword |    12 |     8 ||    20
       Falchion          |       |    33 ||    33
